AoeStats
← Erickinio

Lombardia

509774761Analyzed
4v4 RM · 4d ago on Sep 28, 2026· 60m 19s· 8 players
Game mode
Random Map
Map size
Large (8 player)
Population
200
Speed
Normal
Resources
Standard
Victory
Conquest
Starting age
Dark Age
Ending age
Imperial Age
RankedLock teamsTeams togetherTeam positionsShared explorationLock speedFull tech treeHidden civsTurbo modeCheats
Victory
Defeat
🇺🇸 Persians · United States
1092
+10
🇨🇱 Vietnamese · Chile
1054
+12
🇨🇱 Poles · Chile
1023
+13
🇨🇱 Vikings · Chile
1009
+14
🇵🇪 Bohemians · Peru
1028
-15
🇦🇷 Celts · Argentina
960
-12
🇲🇽 Varangians · Mexico
950
-12
🇺🇸 Danes · United States
905
-10
SköllShadow
0:27 Loom
14:36 Feudal Age
15:52 Wheelbarrow
15:04 Double-Bit Axe
15:47 Horse Collar
24:05 Castle Age
23:14 Gold Mining
23:19 Stone Mining
23:43 Forging
25:09 Hand Cart
25:22 Bow Saw
25:14 Heavy Plow
26:21 Bloodlines
26:11 Husbandry
26:26 Caravan
27:27 Husbandry
28:55 Iron Casting
28:12 Fletching
28:31 Treadmill Crane
29:34 Fervor
30:08 Scale Barding Armor
32:32 Fortified Wall
32:43 Ballistics
33:54 Bodkin Arrow
37:30 Imperial Age
37:06 Chain Barding Armor
36:46 Murder Holes
37:36 Gambesons
37:51 Squires
37:37 Arson
37:43 Town Watch
38:37 Conscription
39:30 Blast Furnace
38:01 Elite Jarl
38:56 Gothikon
42:18 Two-Man Saw
42:07 Cavalier
43:16 Elite Varangian Guard
44:26 Scale Mail Armor
44:39 Vendel Legacy
46:59 Chain Mail Armor
47:20 Plate Barding Armor
49:35 Onager
50:43 Pikeman
52:39 Chemistry
55:03 Plate Mail Armor
54:35 Bracer
eric_the_red121
5:25 Loom
12:03 Feudal Age
12:36 Horse Collar
12:43 Double-Bit Axe
15:59 Wheelbarrow
19:55 Castle Age
19:47 Man-at-Arms
20:57 Hand Cart
20:55 Bow Saw
22:31 Forging
24:33 Gold Mining
33:12 Iron Casting
33:36 Husbandry
34:02 Pikeman
34:42 Squires
35:40 Fletching
44:24 Imperial Age
43:41 Bodkin Arrow
44:38 Onager
44:59 Halberdier
47:46 Blast Furnace
46:52 Bracer
49:07 Heavy Scorpion
55:11 Conscription
56:28 Elite Varangian Guard
Jc
11:39 Feudal Age
10:34 Loom
12:20 Feudal Age
13:30 Double-Bit Axe
13:27 Horse Collar
19:48 Castle Age
19:20 Wheelbarrow
20:55 Bow Saw
21:35 Fervor
21:46 Sanctity
25:19 Fletching
27:02 Sanctity
27:00 Hand Cart
26:30 Town Watch
38:04 Imperial Age
38:22 Murder Holes
39:28 Chemistry
38:51 Padded Archer Armor
38:47 Bodkin Arrow
39:09 Fortified Wall
39:04 Siege Engineers
40:29 Leather Archer Armor
40:15 Bracer
41:24 Two-Man Saw
41:37 Block Printing
41:22 Devotion
42:07 Theocracy
41:43 Redemption
43:25 Conscription
43:12 Wagenburg Tactics
46:04 Elite Skirmisher
47:43 Ring Archer Armor
Erickinio
7:16 Loom
11:15 Feudal Age
12:24 Double-Bit Axe
17:10 Forging
17:01 Scale Mail Armor
17:28 Scale Barding Armor
21:46 Wheelbarrow
22:20 Horse Collar
22:30 Arson
22:59 Gold Mining
25:35 Castle Age
24:53 Stone Mining
31:24 Pikeman
37:44 Bow Saw
38:03 Heavy Plow
39:33 Gambesons
40:28 Iron Casting
40:37 Chain Mail Armor
43:22 Stronghold
46:31 Imperial Age
47:35 Halberdier
48:46 Hand Cart
50:01 Blast Furnace
49:28 Conscription
51:35 Plate Mail Armor
51:51 Onager
52:45 Man-at-Arms
53:26 Murder Holes
53:42 Masonry
54:33 Chemistry
54:48 Furor Celtica
Yisus
2:07 Loom
11:03 Feudal Age
11:53 Double-Bit Axe
16:28 Castle Age
15:29 Forging
15:59 Scale Barding Armor
16:47 Horse Collar
17:24 Husbandry
19:33 Bloodlines
25:16 Wheelbarrow
26:42 Hand Cart
26:40 Heavy Plow
27:19 Bow Saw
29:29 Town Watch
29:58 Fletching
30:08 Padded Archer Armor
34:02 Imperial Age
31:46 Bodkin Arrow
32:08 Leather Archer Armor
33:04 Thumb Ring
33:42 Gold Mining
33:45 Stone Mining
33:31 Crossbowman
35:04 Arbalester
35:48 Bracer
36:19 Ring Archer Armor
36:35 Chatras
37:36 Stone Shaft Mining
38:29 Two-Man Saw
38:16 Crop Rotation
37:54 Town Patrol
38:30 Onager
40:11 Murder Holes
42:47 Chemistry
42:08 Ballistics
52:47 Iron Casting
52:33 Chain Barding Armor
52:14 Scale Mail Armor
Napoleon
11:36 Feudal Age
9:52 Loom
19:43 Castle Age
18:01 Double-Bit Axe
18:30 Horse Collar
18:47 Gold Mining
21:25 Heavy Plow
27:06 Wheelbarrow
29:22 Hand Cart
31:41 Bow Saw
33:29 Gold Shaft Mining
33:27 Bloodlines
33:24 Husbandry
38:08 Imperial Age
35:38 Town Watch
37:16 Pikeman
37:42 Gambesons
37:58 Squires
38:00 Stone Mining
38:57 Crop Rotation
39:29 Two-Man Saw
39:10 Elite Skirmisher
39:15 Halberdier
40:09 Forging
40:03 Scale Mail Armor
40:11 Scale Barding Armor
39:59 Fletching
40:11 Padded Archer Armor
40:58 Cavalier
41:58 Ballistics
42:38 Chemistry
41:58 Ballistics
42:38 Chemistry
41:58 Ballistics
42:15 Iron Casting
41:57 Chain Mail Armor
41:40 Bodkin Arrow
42:13 Ballistics
42:53 Chemistry
42:29 Chain Barding Armor
43:02 Arson
43:50 Masonry
43:36 Murder Holes
43:15 Light Cavalry
44:35 Bodkin Arrow
44:57 Leather Archer Armor
45:02 Savar
47:03 Plate Barding Armor
47:29 Blast Furnace
46:36 Imperial Skirmisher
52:10 Ring Archer Armor
52:11 Plate Mail Armor
51:53 Thumb Ring
52:21 Architecture
52:34 Heavy Camel Rider
55:21 Conscription
55:45 Hoardings
54:43 Sappers
55:20 Caravan
55:51 Coinage
55:33 Guilds
55:40 Devotion
linkz900
1:18 Loom
11:50 Feudal Age
16:57 Castle Age
16:59 Gold Mining
16:56 Double-Bit Axe
16:59 Horse Collar
17:58 Heavy Plow
18:16 Bow Saw
19:00 Scale Barding Armor
19:57 Bloodlines
20:53 Town Watch
21:52 Wheelbarrow
24:37 Forging
25:51 Hand Cart
26:28 Stone Mining
28:44 Town Patrol
28:38 Fletching
29:38 Chain Barding Armor
30:16 Iron Casting
30:51 Stone Shaft Mining
31:37 Bodkin Arrow
31:48 Husbandry
31:09 Light Cavalry
35:58 Imperial Age
34:10 Szlachta Privileges
37:44 Blast Furnace
36:09 Cavalier
37:22 Conscription
37:18 Pikeman
37:59 Squires
40:00 Crop Rotation
39:39 Caravan
40:11 Coinage
40:48 Ballistics
40:24 Murder Holes
40:10 Treadmill Crane
41:50 Hoardings
40:46 Sappers
41:35 Bracer
41:49 Masonry
41:45 Siege Engineers
41:51 Fortified Wall
46:45 Winged Hussar
48:51 Scale Mail Armor
48:52 Padded Archer Armor
51:01 Lechitic Legacy
51:41 Chain Mail Armor
54:22 Chemistry
53:13 Guard Tower
57:23 Leather Archer Armor
58:35 Plate Mail Armor
58:33 Bombard Tower
58:00 Arrowslits
T3krom_xD
2:19 Loom
12:43 Feudal Age
18:16 Castle Age
17:58 Double-Bit Axe
18:53 Crossbowman
20:05 Fletching
20:16 Padded Archer Armor
23:54 Gold Mining
24:09 Town Watch
26:44 Ballistics
27:27 Bodkin Arrow
33:44 Imperial Age
34:37 Arbalester
37:09 Bracer
37:25 Leather Archer Armor
38:14 Chemistry
37:53 Bow Saw
40:12 Murder Holes
40:39 Caravan
44:05 Ring Archer Armor
45:25 Elite Varangian Guard
46:05 Squires
47:43 Town Patrol
51:19 Scale Mail Armor
51:29 Forging
59:11 Chain Mail Armor
59:31 Iron Casting
Connection lost

Rejoining the realm…

Still unreachable

The connection could not be restored.

Session expired

The server has moved on; the page needs a fresh start.